 Dungeon Crawl Stone Soup version 0.18.1-48-g4cf74bf (webtiles) character file.

917 Gargoyl the Covered (level 7, -2/55 HPs)
             Began as a Demonspawn Abyssal Knight on Aug 15, 2016.
             Was a Priest of Lugonu.
             Slain by an ogre
             ... wielding a +0 giant club
              (23 damage)
             ... on level 4 of the Dungeon.
             The game lasted 00:08:37 (5459 turns).

Gargoyl the Covered (Demonspawn Abyssal Knight)     Turns: 5459, Time: 00:08:38

Health: -2/55      AC:  9    Str: 15    XL:     7   Next: 83%
Magic:  8/8        EV: 12    Int: 13    God:    Lugonu [***...]
Gold:   168        SH:  0    Dex: 12    Spells: 0 memorised, 6 levels left

rFire  . . .     SeeInvis .     a - +1 hand axe
rCold  + . .     Gourm    .     t - +0 ring mail
rNeg   . . .     Faith    .     (no shield)
rPois  .         Spirit   .     (helmet restricted)
rElec  .         Dismiss  .     (no cloak)
rCorr  .         Reflect  .     (no gloves)
SustAt .         Harm     .     k - +0 pair of boots
MR     .....                    (no amulet)
Stlth  +++.......               (no ring)
                                l - ring of protection from cold

@: not resistant to hostile enchantments, fairly stealthy
A: antennae 1, thin metallic scales 1, demonic guardian 1, nightstalker 2
a: Depart the Abyss, Bend Space, Banish, Renounce Religion


You were on level 4 of the Dungeon.
You worshipped Lugonu.
Lugonu was most pleased with you.
You were very hungry.

You visited 1 branch of the dungeon, and saw 4 of its levels.
You visited the Abyss 1 time.

You collected 168 gold pieces.

Inventory:

Hand Weapons
 a - a +1 hand axe (weapon)
Armour
 k - a +0 pair of boots (worn)
 t - a +0 ring mail (worn)
Jewellery
 l - a ring of protection from cold (left hand)
Wands
 o - a wand of slowing (9/48)
Scrolls
 e - 7 scrolls of identify {unknown}
 i - a scroll of magic mapping {unknown}
 j - 2 scrolls of blinking {unknown}
 m - 2 scrolls of remove curse {unknown}
 n - a scroll of recharging {unknown}
 q - a scroll of fog {unknown}
 r - a scroll of amnesia {unknown}
 v - a scroll of noise {unknown}
Potions
 b - a potion of cure mutation
 h - a potion of magic {unknown}
 s - 2 potions of flight
 w - a potion of haste {unknown}
 x - a potion of curing
Books
 u - a book of Annihilations

   Spells                             Type                      Level
   a - Poison Arrow                   Conjuration/Poison           6
   b - Chain Lightning                Conjuration/Air              8
   c - Lehudib's Crystal Spear        Conjuration/Earth            8
   d - Glaciate                       Conjuration/Ice              9
   e - Fire Storm                     Conjuration/Fire             9
Comestibles
 c - 2 bread rations
 d - a beef jerky
 f - a royal jelly
 g - 3 fruits
 p - a meat ration
 z - a slice of pizza


   Skills:
 + Level 4.5 Fighting
 + Level 3.4 Axes
 * Level 4.6 Armour
 + Level 4.5 Dodging
 + Level 2.6 Stealth
 + Level 2.4 Invocations


You had 6 spell levels left.
You didn't know any spells.

Dungeon Overview and Level Annotations

Branches:
Dungeon (4/15)
 Temple: D:4-7

Altars:
Ashenzari
Makhleb
Trog
The Shining One


Innate Abilities, Weirdness & Mutations

You have a pair of small antennae on your head.
You are partially covered in thin metallic scales (AC +2).
A weak demonic guardian rushes to your aid.
You are significantly more attuned to the shadows.


Message History

The ogre hits you with a giant club!
You hit the ogre.
The ogre is lightly wounded.
The ogre closely misses you.
You completely miss the ogre.
The ogre is lightly wounded.
The ogre hits you with a giant club!!
You barely miss the ogre.
The ogre is lightly wounded.
You hit the ogre.
The ogre is moderately wounded.
The ogre barely misses you.
Your iron imp hits the ogre.
You hit the ogre.
The ogre is heavily wounded.
The ogre hits you with a giant club!
Your iron imp hits the ogre.
You hit the ogre.
The ogre is severely wounded.
Your iron imp disappears in a puff of smoke!
The ogre hits you with a giant club!!
You die...

♣..♣ ###### ♣..♣
#....## #.
#.)...####++####.....#
#...........(.....(..#
#.....#...>..........#
......#..............#
#.....#.......(......#
#.....##........@...#
#.....###..[.....O.##
#.....# ############
#######


You could see an ogre.

Vanquished Creatures
  Grinder (D:4)
  Edmund (D:4)
  An ogre (D:4)
  An orc priest (D:4)
  2 orc wizards (D:4)
  An iguana (D:4)
  Natasha (thrice) (D:3)
  2 worker ants (D:4)
  4 adders
  A worm (D:3)
  A dart slug (D:2)
  5 giant geckos
  10 orcs
  A giant cockroach (D:1)
  2 goblins (D:2)
  7 hobgoblins
  4 jackals (D:3)
  2 quokkas
  A ball python (D:4)
  12 bats
  7 giant newts
  7 kobolds
  12 rats
88 creatures vanquished.

Vanquished Creatures (collateral kills)
  The ghost of tschems the Chopper, an amateur HuBe of Trog (D:4)
  The ghost of Gargoyl the Skirmisher, an amateur DsAK of Lugonu (D:3)
  4 orcs
  A giant cockroach (D:3)
  2 hobgoblins (D:3)
9 creatures vanquished.

Grand Total: 97 creatures vanquished

Notes
Turn   | Place    | Note
--------------------------------------------------------------
     0 | Abyss:1  | Gargoyl the Demonspawn Abyssal Knight began the quest for the Orb.
     0 | Abyss:1  | Reached XP level 1. HP: 18/18 MP: 2/2
    39 | Abyss:1  | Noticed a quasit
    74 | Abyss:1  | Noticed a demonic crawler
    79 | D:1      | Escaped the Abyss
   711 | D:1      | Reached skill level 1 in Dodging
   759 | D:1      | Gained mutation: You are partially covered in thin metallic scales (AC +2). [demonic ancestry]
   759 | D:1      | Reached XP level 2. HP: 24/24 MP: 3/3
   943 | D:1      | Reached * piety under Lugonu
  1169 | D:2      | Gained mutation: You are slightly more attuned to the shadows. [demonic ancestry]
  1169 | D:2      | Reached XP level 3. HP: 7/29 MP: 4/4
  2060 | D:2      | Gained mutation: A weak demonic guardian rushes to your aid. [demonic ancestry]
  2060 | D:2      | Reached XP level 4. HP: 37/37 MP: 5/5
  2463 | D:3      | Noticed Gargoyl's ghost (amateur DsAK)
  2488 | D:3      | Killed Gargoyl's ghost
  2488 | D:3      | Reached skill level 1 in Stealth
  2488 | D:3      | Gained mutation: You have a pair of small antennae on your head. [demonic ancestry]
  2488 | D:3      | Reached XP level 5. HP: 28/42 MP: 6/6
  2499 | D:3      | Found a burning altar of Makhleb.
  2501 | D:3      | Noticed Natasha
  2507 | D:3      | Killed Natasha
  2508 | D:3      | Found a bloodstained altar of Trog.
  2586 | D:3      | Noticed Natasha
  2598 | D:3      | Killed Natasha
  2834 | D:3      | Found a shattered altar of Ashenzari.
  2850 | D:3      | Reached ** piety under Lugonu
  2854 | D:3      | Noticed Natasha
  2865 | D:3      | Killed Natasha
  3580 | D:3      | Found a glowing golden altar of the Shining One.
  3665 | D:4      | Gained mutation: You are significantly more attuned to the shadows. [demonic ancestry]
  3665 | D:4      | Reached XP level 6. HP: 17/48 MP: 7/7
  4054 | D:4      | Noticed tschems's ghost (amateur HuBe)
  4089 | D:4      | Killed tschems's ghost
  4433 | D:4      | Noticed Edmund
  4458 | D:4      | Killed Edmund
  4458 | D:4      | Reached XP level 7. HP: 26/54 MP: 8/8
  4861 | D:4      | Reached *** piety under Lugonu
  5198 | D:4      | Noticed Grinder
  5224 | D:4      | Killed Grinder
  5459 | D:4      | Slain by an ogre

Skill      XL: |  1  2  3  4  5  6  7 |
---------------+----------------------+-----
Dodging        | 1 2 3 4 |  4.5
Armour         | 2 3 4 |  4.6
Axes           | 2 3 |  3.4
Stealth        | 1 2 |  2.6
Fighting       | 4 |  4.5
Invocations    | |  2.4

Action                   |  1- 3 |  4- 6 |  7- 9 || total
-------------------------+-------+-------+-------++-------
Melee: Hand axe          |   117 |   217 |    77 ||   411
Invok: Depart the Abyss  |     1 |       |       ||     1
  Use: Potion            |     1 |     5 |       ||     6
 Stab: Sleeping          |     3 |     3 |     4 ||    10
       Distracted        |       |     2 |     1 ||     3
  Eat: Chunk             |     4 |     8 |     2 ||    14
Armor: Leather armour    |    73 |    70 |       ||   143
       Ring mail         |       |    12 |    14 ||    26
       Skin              |       |    16 |       ||    16
Dodge: Dodged            |    94 |   168 |    42 ||   304
